 Dungeon Crawl Stone Soup version 0.19-a0-174-g09de571 (webtiles) character file.

158 aurelian the Slasher (level 5, 0/48 HPs)
             Began as a Tengu Berserker on May 22, 2016.
             Was a Believer of Trog.
             Succumbed to an orc's poison
             ... on level 3 of the Dungeon.
             The game lasted 00:03:32 (2086 turns).

aurelian the Slasher (Tengu Berserker)              Turns: 2086, Time: 00:03:33

Health: 0/48       AC:  8    Str: 22    XL:     5   Next: 39%
Magic:  6/6        EV:  8    Int:  7    God:    Trog [**....]
Gold:   203        SH:  0    Dex: 15    Spells: 0 memorised, 4 levels left

rFire  . . .     SeeInvis .     a - +0 falchion
rCold  . . .     Gourm    .     v - +0 chain mail {rN+}
rNeg   + . .     Faith    .     (no shield)
rPois  .         Spirit   .     (helmet restricted)
rElec  .         Dismiss  .     (no cloak)
rCorr  .         Reflect  .     (no gloves)
SustAt .         Harm     .     (boots unavailable)
MR     .....                    (no amulet)
Stlth  ..........               (no ring)
                                (no ring)

@: berserking, lethally poisoned (0 -> -18), very quick, not resistant to
hostile enchantments, extremely unstealthy
A: beak, talons 3, able to fly 1
a: Fly, Berserk, Trog's Hand, Burn Spellbooks, Renounce Religion


You were on level 3 of the Dungeon.
You worshipped Trog.
Trog was pleased with you.
You were not hungry.

You visited 1 branch of the dungeon, and saw 3 of its levels.

You collected 203 gold pieces.

Inventory:

Hand Weapons
 a - a +0 falchion (weapon)
Missiles
 d - 141 stones (quivered)
 u - 7 tomahawks
Armour
 b - a +0 animal skin
 g - a +0 ring mail
 n - a +0 plate armour
 v - a +0 chain mail of positive energy (worn)
Scrolls
 e - a scroll of remove curse {unknown}
 l - 4 scrolls of teleportation {unknown}
 o - a scroll of identify {unknown}
 p - 3 scrolls of recharging {unknown}
 r - a scroll of fear {unknown}
 t - a scroll of enchant weapon {unknown}
Potions
 h - a potion of agility {unknown}
 i - a potion of brilliance {unknown}
 j - a potion of might {unknown}
 k - a potion of heal wounds {unknown}
 m - a potion of degeneration {unknown}
 s - 2 potions of flight {unknown}
Comestibles
 c - 2 bread rations
 f - 2 chunks of flesh
 q - a beef jerky


   Skills:
 - Level 3.0 Fighting
 + Level 6.5 Long Blades
 - Level 2.1 Armour
 - Level 2.1 Dodging


You had 4 spell levels left.
You didn't know any spells.

Dungeon Overview and Level Annotations

Branches:
Dungeon (3/15)

Altars:
Cheibriados
Fedhas
Okawaru


Innate Abilities, Weirdness & Mutations

You have a beak for a mouth.
You have claws for feet.
You can fly.


Message History

You barely miss the orc wizard. Your kick misses the orc wizard.
You peck the orc wizard.
The orc wizard is severely wounded.
* * * LOW HITPOINT WARNING * * *
You feel sick. The orc completely misses you.
You hit the orc wizard.
You kill the orc wizard!
Trog accepts your kill.
Trog appreciates your killing of a magic user.
* * * LOW HITPOINT WARNING * * *
You feel sick.
* * * LOW HITPOINT WARNING * * *
You feel sick. The orc barely misses you.
Items here: )) [[ †† You barely miss the orc.
Your kick misses the orc.
* * * LOW HITPOINT WARNING * * *
You feel sick.
You hit the orc. You claw the orc.
The orc is almost dead.
You die...

....#..........>.. ..............
........o...>..# ##............
...............## #.............
................# #.............
...##...........# #.............
.#####..$.......# ##..###........
.).# #..........# #..# #........
##.# #.......>.o###..# #........
##.####.......((@(...# #......).
.....###......####.#.####........
.....# ##.....####...##....[.....
.....####.......##..###..........
....................###..........
####...#....................>....
####..##.........................
.................................
#.................<..............


You could see an orc.

Vanquished Creatures
  Terence (D:3)
  An orc wizard (D:3)
  3 adders
  An adder zombie (D:3)
  A worm (D:1)
  4 dart slugs
  3 giant geckos
  3 orcs (D:3)
  6 bats
  4 giant cockroaches
  4 goblins
  3 hobgoblins (D:1)
  7 jackals
  A quokka (D:3)
  3 giant newts (D:2)
  6 kobolds
  6 rats
57 creatures vanquished.

Notes
Turn   | Place    | Note
--------------------------------------------------------------
     0 | D:1      | aurelian the Tengu Berserker began the quest for the Orb.
     0 | D:1      | Reached XP level 1. HP: 14/14 MP: 2/2
   232 | D:1      | Reached XP level 2. HP: 19/19 MP: 3/3
   324 | D:1      | Reached skill level 4 in Long Blades
   596 | D:1      | Reached XP level 3. HP: 23/23 MP: 4/4
   804 | D:2      | Found a snail-covered altar of Cheibriados.
  1032 | D:2      | Reached skill level 5 in Long Blades
  1140 | D:2      | Reached ** piety under Trog
  1338 | D:2      | Reached XP level 4. HP: 25/28 MP: 5/5
  1436 | D:2      | Found a blossoming altar of Fedhas.
  1436 | D:2      | Found a snail-covered altar of Cheibriados.
  1437 | D:2      | Found an iron altar of Okawaru.
  1555 | D:2      | You fall through a shaft!
  1697 | D:3      | Noticed Terence
  1715 | D:3      | Killed Terence
  1833 | D:3      | Reached skill level 6 in Long Blades
  1907 | D:3      | Gained mutation: You can fly. [Tengu growth]
  1907 | D:3      | Reached XP level 5. HP: 32/32 MP: 6/6
  2085 | D:3      | HP: 1/48 [poisoned by an orc]
  2086 | D:3      | Succumbed to an orc's poison

Vault maps used:
D:1:      dpeg_arrival_more_subterranean_lakeside_camping
D:2:      nicolae_overflow_hidden_temple, cheibriados_altar_1
D:3:      uniq_terence

Skill      XL: |  1  2  3  4 |
---------------+-------------+-----
Long Blades    | 4 5 6 |  6.5
Fighting       | |  3.0
Armour         | |  2.1
Dodging        | |  2.1

Action                   |  1- 3 |  4- 6 || total
-------------------------+-------+-------++-------
Melee: Falchion          |    86 |    58 ||   144
       Peck              |    12 |    11 ||    23
       Kick              |    21 |    13 ||    34
Invok: Berserk           |       |     2 ||     2
  Eat: Chunk             |     1 |     4 ||     5
Armor: Ring mail         |    25 |    11 ||    36
       Animal skin       |     1 |       ||     1
       Chain mail        |       |    13 ||    13
Dodge: Dodged            |    43 |    40 ||    83
